 Dungeon Crawl Stone Soup version 0.27.0-1-g7a089689b8 (webtiles) character file.

Game seed: 7428885741721667784

72 hatdisgam the Digger (level 4, 0/38 HPs)
             Began as a Gnoll Wanderer on Aug 10, 2021.
             Slain by a gnoll (5 damage)
             ... on level 3 of the Dungeon.
             The game lasted 00:03:24 (2576 turns).

hatdisgam the Digger (Gnoll Wanderer)               Turns: 2576, Time: 00:03:25

Health: 0/38       AC:  2    Str:  9    XL:     4   Next: 26%
Magic:  8/8        EV: 11    Int: 12    God:
Gold:   53         SH:  4    Dex: 14    Spells: 5/9 levels left

rFire    . . .     SeeInvis .   a - +2 spear
rCold    . . .     Faith    .   b - +0 buckler
rNeg     . . .     Spirit   .   c - +0 robe
rPois    .         Reflect  .   (no helmet)
rElec    .         Harm     .   (no cloak)
rCorr    .         Rampage  .   (no gloves)
Will     .....                  (no boots)
Stlth    ++........             (no amulet)
HPRegen  0.12/turn              (no ring)
MPRegen  0.11/turn              (no ring)

@: hasted, very quick
A: fangs 1, strong nose, distributed training
a: no special abilities


You were on level 3 of the Dungeon.
You visited 1 branch of the dungeon, and saw 3 of its levels.

You collected 53 gold pieces.

Inventory:

Hand Weapons
 a - a +2 spear (weapon)
Armour
 b - a +0 buckler (worn)
 c - a +0 robe (worn)
Scrolls
 f - 2 scrolls of identify {unknown}
 g - a scroll of noise {unknown}
 h - a scroll of immolation {unknown}
 i - a scroll of teleportation {unknown}
Potions
 d - a potion of berserk rage {unknown}
 e - a potion of haste
 j - a potion of flight {unknown}


   Skills:
 + Level 4.6 Fighting
 + Level 1.1 Short Blades
 + Level 1.1 Long Blades
 + Level 1.1 Axes
 + Level 1.1 Maces & Flails
 + Level 1.1 Polearms
 + Level 1.1 Staves
 + Level 1.1 Slings
 + Level 1.1 Bows
 + Level 1.1 Crossbows
 + Level 2.7 Throwing
 + Level 2.7 Armour
 + Level 1.1 Dodging
 + Level 1.1 Stealth
 + Level 2.7 Shields
 + Level 1.1 Unarmed Combat
 + Level 3.0 Spellcasting
 + Level 0.8 Conjurations
 + Level 0.8 Hexes
 + Level 0.8 Summonings
 + Level 0.8 Necromancy
 + Level 2.2 Translocations
 + Level 0.8 Transmutations
 + Level 0.8 Fire Magic
 + Level 0.8 Ice Magic
 + Level 0.8 Air Magic
 + Level 5.4 Earth Magic
 + Level 0.8 Poison Magic
 + Level 1.2 Invocations
 + Level 1.1 Evocations


You had 5 spell levels left.
You knew the following spells:

 Your Spells              Type           Power      Damage    Failure   Level
a - Summon Small Mammal   Summ           12%        N/A       21%         1
b - Call Canine Familiar  Summ           3%         N/A       52%         3

Your spell library contained the following spells:

 Spells                   Type           Power      Damage    Failure   Level


Dungeon Overview and Level Annotations

Branches:
Dungeon (3/15)

Altars:

Shops:
D:1 [


Innate Abilities, Weirdness & Mutations

You have very sharp teeth.
Your uncanny sense of smell can sniff out nearby items.
Your experience applies equally to all skills.


Message History

The hobgoblin barely misses you. The hobgoblin hits you.
You block the gnoll's attack.
You are too injured to fight recklessly!
You are too injured to fight recklessly!
You are too injured to fight recklessly!
Unknown command.
The adder barely misses you. The adder closely misses you.
The hobgoblin hits you. The adder bites you.
Found a black potion.
You closely miss the adder. The adder bites you but does no damage.
You closely miss the adder. The adder bites you.
* * * LOW HITPOINT WARNING * * *
You are poisoned.
The adder poisons you! The adder barely misses you.
You puncture the adder! Your bite misses the adder.
The adder is severely wounded.
You feel sick. The adder barely misses you.
You hit the adder.
You kill the adder!
You feel sick.
Your Spellcasting skill increases to level 3!
Unknown command.
It was a potion of haste.
You feel yourself speed up.
You feel sick. The hobgoblin closely misses you.
You feel sick.
Found a stone staircase leading down.
You feel sick. 2 orcs come into view.
An orc is wielding a +1 dagger of speed.
You feel sick.
You are no longer poisoned.
The orc shouts!
You hear a shout!
An orc wizard comes into view. It is wielding a +0 dagger.
The orc shouts!
You hear an angry hiss.
You hear an angry hiss.
An orc comes into view. It is wielding a +0 short sword.
The orc shouts!
The gnoll hits you from afar with a +0 spear.
You die...

......[#...
.......#...
..........
.....#...
####......#
##.†.....##
##..#...#..#
#.....g<...#
.....(#g.##@..##∆
.###. #g###....####
# # ##.###........
....#..##g........
...................
#..........)..o.###
#..............o#
......##........o.
...... #..!....>...


You could see an orc wizard, a gnoll, 2 orcs and a hobgoblin.

Vanquished Creatures
  2 adders
  2 worms
  A dart slug (D:2)
  7 bats
  2 endoplasms
  3 giant cockroaches (D:1)
  7 goblins
  3 hobgoblins
  4 quokkas (D:2)
  5 ball pythons
  2 frilled lizards
  4 kobolds
  3 rats (D:1)
45 creatures vanquished.

Notes
Turn   | Place    | Note
-------+----------+-------------------------------------------
     0 | D:1      | hatdisgam the Gnoll Wanderer began the quest for the Orb.
     0 | D:1      | hatdisgam set off with the following items: a +2 spear, a
                  | +0 buckler, a +0 robe; and the following spell memorised:
                  | Summon Small Mammal; and the following spells available to
                  | memorise: Call Canine Familiar
     0 | D:1      | Reached XP level 1. HP: 20/20 MP: 4/4
   308 | D:1      | Reached XP level 2. HP: 26/26 MP: 5/5
   348 | D:1      | Found Uleled's Antique Armour Shoppe.
   594 | D:1      | Reached XP level 3. HP: 28/31 MP: 7/7
  1222 | D:2      | Learned a level 3 spell: Call Canine Familiar
  1402 | D:2      | Reached skill level 1 in Invocations
  1960 | D:2      | Reached skill level 1 in Short Blades
  1960 | D:2      | Reached skill level 1 in Long Blades
  1960 | D:2      | Reached skill level 1 in Axes
  1960 | D:2      | Reached skill level 1 in Maces & Flails
  1960 | D:2      | Reached skill level 1 in Polearms
  1960 | D:2      | Reached skill level 1 in Staves
  1960 | D:2      | Reached skill level 1 in Slings
  1960 | D:2      | Reached skill level 1 in Bows
  1960 | D:2      | Reached skill level 1 in Crossbows
  1960 | D:2      | Reached skill level 1 in Dodging
  1960 | D:2      | Reached skill level 1 in Stealth
  1960 | D:2      | Reached skill level 1 in Unarmed Combat
  1960 | D:2      | Reached skill level 1 in Evocations
  2253 | D:2      | Reached XP level 4. HP: 11/38 MP: 8/8
  2576 | D:3      | Slain by a gnoll

Illustrated notes

Levels and vault maps discovered:
D:1:      roderic_dead_forest, layout_basic, serial_shops,
          nicolae_shop_overgrown_old_shop
D:2:      layout_basic, minmay_misc_feat_doors, minmay_misc_feat_rugged
D:3:      layout_rooms, gammafunk_temple_overflow_pools,
          shapermc_ecumenical_altar_mp_urbaneastern, portal_sewer_entry_f,
          st_stairs_2, corexii_shack

Skill      XL: |  1  2  3  4 |
---------------+-------------+-----
Translocations | 2 |  2.2
Invocations    | 1 |  1.2
Short Blades   | 1 |  1.1
Long Blades    | 1 |  1.1
Axes           | 1 |  1.1
Maces & Flails | 1 |  1.1
Polearms       | 1 |  1.1
Staves         | 1 |  1.1
Slings         | 1 |  1.1
Bows           | 1 |  1.1
Crossbows      | 1 |  1.1
Dodging        | 1 |  1.1
Stealth        | 1 |  1.1
Unarmed Combat | 1 |  1.1
Evocations     | 1 |  1.1
Spellcasting   | 3 |  3.0
Fighting       | |  4.6
Throwing       | |  2.7
Armour         | |  2.7
Shields        | |  2.7
Conjurations   | |  0.8
Hexes          | |  0.8
Summonings     | |  0.8
Necromancy     | |  0.8
Transmutations | |  0.8
Fire Magic     | |  0.8
Ice Magic      | |  0.8
Air Magic      | |  0.8
Earth Magic    | |  5.4
Poison Magic   | |  0.8

Action                   |  1- 3 |  4- 6 || total
-------------------------+-------+-------++-------
Melee: Spear             |   160 |    13 ||   173
       Bite              |     5 |       ||     5
  Use: Potion            |       |     1 ||     1
 Stab: Sleeping          |     7 |     1 ||     8
Armor: Robe              |    20 |     2 ||    22
Dodge: Dodged            |    73 |    12 ||    85
Block: Buckler           |    22 |     2 ||    24
